 Dungeon Crawl Stone Soup version 0.17.0-28-g6e173f8 (webtiles) character file.

2011 GeneralIdiocy the Insei (level 9, -8/68 HPs)
             Began as a Demonspawn Necromancer on Dec 1, 2015.
             Was a Follower of Cheibriados.
             Mangled by Edmund
             ... wielding a +2 dire flail of holy wrath
              (20 damage)
             ... on level 6 of the Dungeon.
             The game lasted 00:15:24 (8209 turns).

GeneralIdiocy the Insei (Demonspawn Necromancer)    Turns: 8209, Time: 00:15:25

Health: -8/68      AC:  5    Str: 15    XL:     9   Next: 2%
Magic:  12/12      EV: 12    Int: 20    God:    Cheibriados [*.....]
Gold:   392        SH:  0    Dex: 16    Spells: 4 memorised, 1 level left

rFire  + . .     SeeInvis .       - Unarmed
rCold  . . .     Clarity  .     u - +1 leather armour
rNeg   . . .     SustAt   .     (no shield)
rPois  .         Gourm    .     (helmet restricted)
rElec  .         Spirit   .     t - +0 cloak
rCorr  .         Warding  .     (no gloves)
rMut   .         Stasis   .     (no boots)
MR     .....                    (no amulet)
Stlth  +.........               (no ring)
                                k - ring of protection from fire

@: very slow, not resistant to hostile enchantments, very unstealthy
A: antennae 1, claws 1, hooves 2, spiny 1, rot immunity
a: Bend Time, Renounce Religion


You were on level 6 of the Dungeon.
You worshipped Cheibriados.
Cheibriados was aware of your devotion.
You were near starving.

You visited 2 branches of the dungeon, and saw 8 of its levels.

You collected 392 gold pieces.

Inventory:

Missiles
 o - 11 javelins (quivered)
Armour
 a - a +0 robe
 t - a +0 cloak (worn)
 u - a +1 leather armour (worn)
Jewellery
 k - a ring of protection from fire (left claw)
Wands
 l - a wand of magic darts (17)
 v - a wand of invisibility (3)
 y - a wand of draining (5)
 A - a wand of teleportation (8)
Scrolls
 g - 4 scrolls of enchant weapon
 h - 3 scrolls of remove curse
 j - a scroll of teleportation
 n - 2 scrolls of enchant armour
Potions
 d - 2 potions of mutation
 e - 3 potions of heal wounds
 i - 3 potions of lignification
 m - a potion of magic
 p - a potion of ambrosia
 q - 2 potions of flight
 r - a potion of agility
 s - 2 potions of curing
 w - a potion of degeneration {unknown}
 x - a potion of haste {unknown}
 D - a potion of might {unknown}
Books
 b - a book of Necromancy

   Spells                             Type                      Level
   a - Pain                           Necromancy                   1
   b - Animate Skeleton               Necromancy                   1
   c - Vampiric Draining              Necromancy                   3
   d - Regeneration                   Charms/Necromancy            3
   e - Animate Dead                   Necromancy                   4
   f - Control Undead                 Necromancy                   4
 z - a book of the Sky

   Spells                             Type                      Level
   a - Summon Lightning Spire         Summoning/Air                4
   b - Airstrike                      Air                          4
   c - Silence                        Hexes/Air                    5
   d - Deflect Missiles               Charms/Air                   6
   e - Conjure Ball Lightning         Conjuration/Air              6
   f - Tornado                        Air                          9
Comestibles
 c - 6 bread rations
 f - 2 meat rations
 B - 2 beef jerkies
 C - 7 slices of pizza


   Skills:
 - Level 5.3 Fighting
 - Level 1.7 Dodging
 - Level 1.7 Stealth
 * Level 7.4 Unarmed Combat
 - Level 2.0 Spellcasting
 + Level 7.3 Necromancy
 + Level 2.7 Invocations
 + Level 2.3 Evocations


You had one spell level left.
You knew the following spells:

 Your Spells              Type           Power        Failure   Level  Hunger
a - Pain                  Necr           ####         1%          1    #......
b - Vampiric Draining     Necr           ####......   3%          3    ###....
c - Regeneration          Chrm/Necr      ###.......   14%         3    ###....
d - Animate Dead          Necr           N/A          12%         4    #####..


Dungeon Overview and Level Annotations

Branches:
Dungeon (7/15)             Temple (1/1) D:5

Altars:
Ashenzari
Cheibriados
Dithmenos
Elyvilon
Fedhas
Gozag
Kikubaaqudgha
Makhleb
Nemelex Xobeh
Okawaru
Qazlal
Sif Muna
Trog
Vehumet
Xom
Yredelemnul
The Shining One

Annotations:
D:6 1 exclusion, Edmund


Innate Abilities, Weirdness & Mutations

You have a pair of small antennae on your head.
You have sharp fingernails.
You have hoof-like feet.
You are partially covered in sharp spines.
You are immune to rotting.


Message History

You completely miss Edmund.
Edmund is lightly wounded.
Edmund is struck by your spines. Edmund hits you but does no damage.
You claw Edmund!
Edmund is heavily wounded.
You completely miss Edmund.
Edmund is heavily wounded.
Edmund is struck by your spines.
Edmund hits you with a dire flail of holy wrath!
You convulse.
You scratch Edmund.
Edmund is heavily wounded.
Edmund barely misses you.
You closely miss Edmund.
Edmund is heavily wounded.
Edmund is struck by your spines.
Edmund hits you with a dire flail of holy wrath!
* * * LOW HITPOINT WARNING * * *
You convulse!!
You die...

#)......# #.#####.#
#.#####.#########
#.#......(....[..
###.#..............
#..................
#.#................
######.###..............
...!....@.#..............
.......Z#@#..............
.......<#.#..............
.......##................
....... ##(.............
....... ..............
....... .............
..... .............
.........


You could see Edmund and a friendly orc zombie.

Vanquished Creatures
  A human (D:7)
  2 ice beasts
  A sky beast (D:6)
  2 ogres
  2 centaurs
  5 big kobolds (D:4)
  A water moccasin skeleton (D:4)
  2 wights
  A crimson imp (D:5)
  A hound (D:7)
  4 orc priests
  3 orc wizards
  Terence (D:2)
  An iguana (D:5)
  6 worker ants
  4 sheep (D:7)
  A hound skeleton (D:4)
  2 hound zombies (D:5)
  A worker ant zombie (D:5)
  6 adders
  A gnoll (D:4)
  A shadow imp (D:5)
  2 adder skeletons (D:4)
  A worm (D:2)
  5 giant geckos
  13 orcs
  8 bats
  2 giant cockroaches
  17 hobgoblins
  10 jackals
  7 quokkas
  3 ball pythons
  4 giant newts
  14 goblins
  50 kobolds
  12 rats
197 creatures vanquished.

Notes
Turn   | Place    | Note
--------------------------------------------------------------
     0 | D:1      | GeneralIdiocy the Demonspawn Necromancer began the quest for the Orb.
     0 | D:1      | Reached XP level 1. HP: 13/13 MP: 3/3
   104 | D:1      | Reached skill level 1 in Fighting
   626 | D:1      | Gained mutation: You have a pair of small antennae on your head. [demonic ancestry]
   626 | D:1      | Reached XP level 2. HP: 16/22 MP: 5/5
   805 | D:1      | Reached skill level 1 in Unarmed Combat
  1108 | D:1      | Found a sparkling altar of Nemelex Xobeh.
  1275 | D:1      | Gained mutation: You have sharp fingernails. [demonic ancestry]
  1275 | D:1      | Reached XP level 3. HP: 25/27 MP: 3/6
  1529 | D:2      | Found a deep blue altar of Sif Muna.
  1572 | D:2      | Found a shadowy altar of Dithmenos.
  1572 | D:2      | Found a blossoming altar of Fedhas.
  2381 | D:2      | Noticed Terence
  2387 | D:2      | Killed Terence
  2387 | D:2      | Reached XP level 4. HP: 31/34 MP: 3/7
  2922 | D:3      | Gained mutation: You have large cloven feet. [demonic ancestry]
  2922 | D:3      | Reached XP level 5. HP: 38/40 MP: 8/8
  3157 | D:3      | Reached skill level 5 in Necromancy
  3708 | D:3      | Reached XP level 6. HP: 44/47 MP: 5/9
  4212 | D:4      | Learned a level 3 spell: Vampiric Draining
  4216 | D:4      | Learned a level 3 spell: Regeneration
  5194 | D:4      | Gained mutation: You are partially covered in sharp spines. [demonic ancestry]
  5194 | D:4      | Reached XP level 7. HP: 34/54 MP: 2/10
  5318 | D:4      | Reached skill level 5 in Unarmed Combat
  5433 | D:4      | Reached skill level 6 in Necromancy
  5839 | D:4      | Gained mutation: You have hoof-like feet. [demonic ancestry]
  5839 | D:4      | Reached XP level 8. HP: 55/61 MP: 11/11
  6063 | D:5      | Entered Level 5 of the Dungeon
  6266 | D:5      | Reached skill level 5 in Fighting
  6274 | D:5      | Found a staircase to the Ecumenical Temple.
  6353 | Temple   | Entered the Ecumenical Temple
  6362 | Temple   | Became a worshipper of Cheibriados the Contemplative
  6450 | D:5      | Found a burning altar of Makhleb.
  6451 | D:5      | Found a sparkling altar of Nemelex Xobeh.
  6452 | D:5      | Found a stormy altar of Qazlal.
  6454 | D:5      | Found a radiant altar of Vehumet.
  6455 | D:5      | Found a basalt altar of Yredelemnul.
  6461 | D:5      | Learned a level 4 spell: Animate Dead
  7264 | D:6      | Reached skill level 7 in Necromancy
  7264 | D:6      | Reached skill level 1 in Invocations
  7264 | D:6      | Reached skill level 1 in Evocations
  7391 | D:7      | Gained mutation: You can spit weak poison. [potion of mutation]
  7391 | D:7      | Gained mutation: You have a pair of antennae on your head. [potion of mutation]
  7392 | D:7      | Gained mutation: You are clumsy. (Dex -2) [potion of mutation]
  7392 | D:7      | Gained mutation: You tend to lose your temper in combat. [potion of mutation]
  7393 | D:7      | Lost mutation: You have a pair of antennae on your head. [potion of cure mutation]
  7393 | D:7      | Lost mutation: You can spit weak poison. [potion of cure mutation]
  7393 | D:7      | Lost mutation: You tend to lose your temper in combat. [potion of cure mutation]
  7393 | D:7      | Lost mutation: You are clumsy. (Dex -2) [potion of cure mutation]
  7616 | D:7      | Reached * piety under Cheibriados
  8050 | D:6      | Gained mutation: You are immune to rotting. [demonic ancestry]
  8050 | D:6      | Reached XP level 9. HP: 58/68 MP: 12/12
  8202 | D:6      | Noticed Edmund
  8209 | D:6      | Mangled by Edmund

Action                   |  1- 3 |  4- 6 |  7- 9 || total
-------------------------+-------+-------+-------++-------
Melee: Whip              |   107 |   273 |    87 ||   467
       Unarmed           |       |       |    86 ||    86
Throw: Javelin           |     4 |     1 |       ||     5
 Cast: Pain              |    44 |    49 |    21 ||   114
       Vampiric Draining |       |     2 |     1 ||     3
       Animate Dead      |       |       |     5 ||     5
Evoke: Wand              |       |       |     1 ||     1
  Use: Scroll            |       |    11 |     7 ||    18
       Potion            |       |     1 |     3 ||     4
 Stab: Sleeping          |     1 |     5 |     1 ||     7
       Distracted        |       |       |     1 ||     1
  Eat: Meat ration       |     1 |       |       ||     1
       Chunk             |     5 |     9 |     9 ||    23
       Beef jerky        |       |       |     1 ||     1
